 Dungeon Crawl Stone Soup version 0.27-a0-1322-gfdffb62a71 (webtiles) character file.

Game seed: 15863944336568490307

205 sanka the Insei (level 5, 0/37 HPs)
             Began as an Octopode Monk on June 22, 2021.
             Slain by a gnoll (8 damage)
             ... on level 5 of the Dungeon.
             The game lasted 00:03:50 (3539 turns).

sanka the Insei (Octopode Monk)                     Turns: 3539, Time: 00:03:51

Health: 0/37       AC:  1    Str: 10    XL:     5   Next: 83%
Magic:  14/14      EV: 14    Int: 12    God:
Gold:   93         SH:  0    Dex: 16    Spells: 4/4 levels left

rFire    . . .     SeeInvis .     - Unarmed
rCold    . . .     Faith    .   (no shield)
rNeg     . . .     Spirit   .   (helmet restricted)
rPois    .         Reflect  .   (no amulet)
rElec    .         Harm     .   a - ring of magical power
rCorr    .         Rampage  .   (no ring)
Will     .....                  (no ring)
Stlth    +++.......             (no ring)
HPRegen  0.12/turn              (no ring)
MPRegen  0.14/turn              (no ring)
                                (no ring)
                                (no ring)

@: no status effects
A: almost no armour, amphibious, 8 rings, camouflage 1, gelatinous body 1,
(nimble swimmer 1), tentacles
a: no special abilities


You were on level 5 of the Dungeon.
You visited 1 branch of the dungeon, and saw 5 of its levels.

You collected 93 gold pieces.


Innate Abilities, Weirdness & Mutations

You cannot wear most types of armour.
You are amphibious.
You can wear up to eight rings at the same time.
Your skin changes colour to match your surroundings (Stealth+).
Your rubbery body absorbs attacks. (AC +1, EV +1)
((You are camouflaged near water. (Stealth+)))
You have tentacles for arms and can constrict up to eight enemies at once.


   Skills:
 + Level 4.0 Fighting
 + Level 4.0 Dodging
 - Level 2.6 Stealth
 * Level 4.9 Unarmed Combat


You had 4 spell levels left.
You didn't know any spells.
Your spell library contained the following spells:

 Spells                   Type           Power      Damage    Failure   Level
 Animate Skeleton         Necr           0%         N/A       32%         1
 Magic Dart               Conj           0%         1d3       32%         1
 Pain                     Necr           0%         1d4       32%         1
 Shock                    Conj/Air       0%         1d3       32%         1
 Searing Ray              Conj           0%         3d3       45%         2
 Static Discharge         Conj/Air       0%         N/A       45%         2
 Dazzling Flash           Conj/Hex       0%         N/A       69%         3
 Swiftness                Air            0%         N/A       69%         3
 Vampiric Draining        Necr           0%         2d6       69%         3
 Airstrike                Air            0%         N/A       97%         4
 Animate Dead             Necr           0%         N/A       97%         4
 Fulminant Prism          Conj/Hex       0%         3d6       97%         4
 Iskenderun's Mystic Bla  Conj/Tloc      0%         2d3       97%         4
 Agony                    Necr           0%         N/A       100%        5
 Lightning Bolt           Conj/Air       0%         1d11      100%        5

Inventory:

Jewellery
 a - a ring of magical power (left tentacle)
Wands
 j - a wand of flame (23)
Scrolls
 b - a scroll of immolation {unknown}
 c - a scroll of summoning {unknown}
 d - a scroll of magic mapping {unknown}
 e - 5 scrolls of identify {unknown}
 g - 4 scrolls of fear {unknown}
 h - a scroll of vulnerability {unknown}
 k - a scroll of acquirement {unknown}
 l - a scroll of brand weapon {unknown}
Potions
 f - 3 potions of flight {unknown}
 i - 2 potions of might {unknown}

Dungeon Overview and Level Annotations

Branches:
Dungeon (5/15)
 Temple: D:4-7

Altars:

Annotations:
D:3 Grinder, Ijyb

▒. ▒.▒ ▒.▒ ▒.▒ ▒.
▒.▒ ▒.▒ ▒.▒ ▒. ▒.▒
▒.▒ ▒.▒ ▒. ▒.▒ ▒.▒
▒.▒ ▒g▒ ▒.▒ ▒.▒ ▒g▒
▒.▒▒▒▒▒▒▒.▒ ▒.▒
▒.........▒
▒.▒▒▒▒▒▒▒▒▒▒▒▒▒▒▒▒▒▒
▒.ggx...▒ ▒▒▒▒▒▒▒.▒
.▒ ▒▒


You could see 2 gnolls.


Message History

You start resting.
HP restored.
A gnoll comes into view. It is wielding a +0 spear.
The gnoll shouts!
You hear a shout!
A gnoll comes into view. It is wielding a +0 spear.
You hear a shout!
A hound comes into view.
The gnoll closely misses you. The gnoll misses you.
The gnoll hits you with a +0 spear.
You tentacle-slap the gnoll. You grab the gnoll.
The gnoll is moderately wounded.
You constrict the gnoll.
The gnoll hits you from afar with a +0 spear.
The gnoll hits you with a +0 spear!
You tentacle-slap the gnoll but do no damage.
The gnoll is moderately wounded.
You constrict the gnoll. The gnoll closely misses you.
The gnoll hits you with a +0 spear.
* * * LOW HITPOINT WARNING * * *
You barely miss the gnoll.
The gnoll is moderately wounded.
You constrict the gnoll.
The gnoll hits you from afar with a +0 spear!
* * * LOW HITPOINT WARNING * * *
The gnoll hits you with a +0 spear!
You die...

Action                   |  1- 3 |  4- 6 || total
-------------------------+-------+-------++-------
Melee: Unarmed           |    48 |    69 ||   117
       Constrict         |    13 |    20 ||    33
       Tentacles         |    11 |    17 ||    28
       Punch             |     5 |     5 ||    10
 Stab: Sleeping          |     7 |     7 ||    14
Armor: Skin              |     3 |     3 ||     6
Dodge: Dodged            |    15 |    39 ||    54

Levels and vault maps discovered:
D:1:      psy_arrival_conway, layout_rooms, serial_forest,
          infiniplex_forest_clump_curved, infiniplex_forest_lined_corner,
          infiniplex_forest_clump_cross, infiniplex_forest_clump_small,
          infiniplex_forest_diagonal, infiniplex_forest_lined_room_3
D:2:      layout_loops_ring, grunt_decor_mini_mirrors, uniq_terence
D:3:      layout_basic, chequers_serial_rivers_large_b, uniq_grinder,
          uniq_jessica, uniq_ijyb
D:4:      layout_basic, minmay_misc_feat_nine_boxes,
          minmay_misc_feat_secret_circle
D:5:      kennysheep_slugbush, layout_basic, minmay_misc_feat_square,
          uniq_sigmund

Notes
Turn   | Place    | Note
-------+----------+-------------------------------------------
     0 | D:1      | sanka the Octopode Monk began the quest for the Orb.
     0 | D:1      | Reached XP level 1. HP: 16/16 MP: 1/1
   692 | D:2      | Reached XP level 2. HP: 11/21 MP: 2/2
  1105 | D:2      | Reached XP level 3. HP: 16/26 MP: 3/3
  1361 | D:2      | Noticed Terence
  1371 | D:2      | Killed Terence
  1372 | D:2      | Reached skill level 4 in Unarmed Combat
  1643 | D:2      | Reached XP level 4. HP: 31/31 MP: 4/4
  2240 | D:3      | Noticed Grinder
  2398 | D:4      | Reached XP level 5. HP: 37/37 MP: 5/5
  3193 | D:4      | Reached skill level 4 in Fighting
  3193 | D:4      | Reached skill level 4 in Dodging
  3329 | D:3      | Noticed Ijyb
  3364 | D:5      | Entered Level 5 of the Dungeon
  3539 | D:5      | Slain by a gnoll

Vanquished Creatures
  A hound (D:4)
  A jelly (D:4)
  Terence (D:2)
  A hound skeleton (D:4)
  3 gnolls (D:4)
  2 adders (D:2)
  An ufetubus (D:5)
  2 worms
  A dart slug (D:2)
  An orc (D:3)
  4 endoplasms
  3 giant cockroaches
  3 goblins
  7 hobgoblins
  A quokka (D:3)
  8 ball pythons
  2 bats
  A frilled lizard (D:1)
  4 kobolds (D:2)
  2 rats (D:2)
49 creatures vanquished.

Vanquished Creatures (others)
  A plant (D:1)
1 creature vanquished.

Grand Total: 50 creatures vanquished
